 Dungeon Crawl Stone Soup version 0.32-a0-995-gb4a59205af (webtiles) character file.

Game seed: 8505326945984907505

81 bananaken the Gusty (level 4, -4/42 HPs)
             Began as an Oni Air Elementalist on Apr 22, 2024.
             Slain by Grinder (5 damage)
             ... on level 3 of the Dungeon.
             The game lasted 00:06:13 (1921 turns).

bananaken the Gusty (Oni Air Elementalist)          Turns: 1921, Time: 00:06:13

Health: -4/42      AC:  4    Str: 14    XL:     4   Next: 40%
Magic:  6/7        EV:  8    Int: 16    God:
Gold:   53         SH:  0    Dex:  9    Spells: 5/8 levels left

rFire   . . .        k - +0 flail
rCold   . . .        (no shield)
rNeg    . . .        a - +0 robe
rPois   .            (helmet restricted)
rElec   .            h - +0 cloak
rCorr   .            (gloves unavailable)
SInv    .            (boots unavailable)
Will    .....        (no amulet)
Stlth   +            (no ring)
HPRegen 0.27/turn    (no ring)
MPRegen 0.10/turn

%: no passive effects
@: very slightly contaminated
A: large, unfitting armour, horns 1, tough skin 1, double potion healing,
drunken brawling
a: no special abilities


You were on level 3 of the Dungeon.
You visited 1 branch of the dungeon, and saw 3 of its levels.

You collected 53 gold pieces.

Inventory:

Hand Weapons
 g - a +0 whip
 k - a +0 flail (weapon)
Missiles
 f - 5 poisoned darts
Armour
 a - a +0 robe (worn)
 h - a +0 cloak (worn)
Jewellery
 j - a ring of ice
 m - a ring of ice
Wands
 i - a wand of quicksilver (4)
Scrolls
 c - 3 scrolls of identify
 e - a scroll of noise
 n - a scroll of teleportation
Potions
 b - a potion of magic
 d - a potion of enlightenment


   Skills:
 + Level 2.2 Fighting
 + Level 1.7 Maces & Flails
 - Level 1.7 Dodging
 - Level 1.4 Stealth
 - Level 0.5 Unarmed Combat
 - Level 2.6 Spellcasting
 - Level 1.3 Conjurations
 + Level 3.4 Air Magic


You had 5 spell levels left.
You knew the following spells:

 Your Spells              Type           Power      Damage    Failure   Level
a - Shock                 Conj/Air       36%        1d5       8%          1
b - Static Discharge      Conj/Air       18%        3-4/arc   11%         2

Your spell library contained the following spells:

 Spells                   Type           Power      Damage    Failure   Level
 Swiftness                Air            12%        N/A       14%         3
 Slow                     Hex            8%         N/A       21%         1
 Airstrike                Air            6%         2d(1-17)  43%         4
 Confusing Touch          Hex            2%         N/A       52%         3
 Vampiric Draining        Necr           2%         2d6       52%         3


Dungeon Overview and Level Annotations

Branches:
Dungeon (3/15)

Altars:

Annotations:
D:3 Grinder


Innate Abilities, Weirdness & Mutations

You are too large for most types of armour.
You have a pair of small horns on your head.
You have tough skin. (AC +1)
You gain doubled healing and magic from potions.
Whenever you drink a healing potion, you attack all around you.


Message History

You miscast Shock.
Nothing appears to happen.
Unknown command.
Casting: Shock (safe; 8% risk of failure)
Confirm with . or Enter, or press ? or * to list all spells.
Okay, then.
You take a swig of the potion and twirl your +0 flail.
You hit Grinder. You headbutt Grinder.
Grinder is heavily wounded.
You savour every drop.
You feel better. Grinder gestures at you.
You suddenly lose the ability to move!
Grinder hits you but does no damage. Grinder gestures at you.
Pain shoots through your body! Grinder hits you.
You writhe in agony.
Grinder hits you.
* * * LOW HITPOINT WARNING * * *
You writhe in agony.
* * * LOW HITPOINT WARNING * * *
You can move again.
Unknown command.
Unknown command.
Unknown command.
You take a swig of the potion and twirl your +0 flail.
You closely miss Grinder.
Grinder is heavily wounded.
Magic courses through your body. Grinder hits you.
* * * LOW HITPOINT WARNING * * *
Unknown command.
Casting: Shock (safe; 8% risk of failure)
Confirm with . or Enter, or press ? or * to list all spells.
Aiming: Shock (safe; 8% risk of failure)
Press: ? - help, Shift-Dir - straight line The zap hits Grinder.
Grinder is heavily wounded.
Grinder hits you.
* * * LOW HITPOINT WARNING * * *
You writhe in agony.
You die...
Grinder says, "Now the real fun starts!"

### ### ..
######.# #
###......# #####
#####...####.#
....# ##.....###
#†# ....#
##..##### #.#
..).# ####..##
.......K. ..†.#
##.@5.##
......... ....#
##..####
......... ....#
#..## .........
....##### #.##
.........
........#####.#
.........
...........##.#
.........
#.#####.##....##
#.. #..####>.###
#. ##. ##..#
#....#...


You could see Grinder.

Vanquished Creatures
  4 adders
  3 ribbon worms (D:3)
  A dart slug (D:2)
  2 bats
  2 endoplasms
  2 giant cockroaches
  3 goblins
  6 hobgoblins
  2 jackals (D:2)
  2 ball pythons (D:2)
  3 frilled lizards
  5 kobolds
  A rat (D:3)
36 creatures vanquished.

Notes
Turn   | Place    | Note
-------+----------+-------------------------------------------
     0 | D:1      | bananaken the Oni Air Elementalist began the quest for the
                  | Orb.
     0 | D:1      | Reached XP level 1. HP: 16/16 MP: 3/3
    29 | D:1      | Reached skill level 1 in Conjurations
   382 | D:1      | Reached XP level 2. HP: 24/24 MP: 2/5
   385 | D:1      | Learned a level 2 spell: Static Discharge
   730 | D:2      | Reached skill level 3 in Air Magic
   730 | D:2      | Reached XP level 3. HP: 26/32 MP: 1/6
   896 | D:2      | Reached skill level 1 in Fighting
   896 | D:2      | Reached skill level 1 in Maces & Flails
  1052 | D:2      | Found a faded altar of an unknown god.
  1570 | D:3      | Reached XP level 4. HP: 28/42 MP: 1/7
  1877 | D:3      | Noticed Grinder
  1915 | D:3      | Paralysed by Grinder for 5 turns
  1921 | D:3      | HP: 1/42 [Grinder (4)]
  1921 | D:3      | Slain by Grinder

Illustrated notes

Levels and vault maps discovered:
D:1:      roadster_arrival_rocket_large, layout_rooms, chequers_garden,
          kennysheep_boxes
D:2:      layout_loops_ring, chequers_ecumenical_altar_simple
D:3:      kennysheep_goblin_castle, layout_rooms, uniq_grinder

Skill      XL: |  1  2  3  4 |
---------------+-------------+-----
Conjurations   | 1 |  1.3
Air Magic      | 3 |  3.4
Fighting       | 1 2 |  2.2
Maces & Flails | 1 |  1.7
Dodging        | |  1.7
Stealth        | |  1.4
Unarmed Combat | |  0.5
Spellcasting   | |  2.6

Action                     |  1- 3 |  4- 6 || total
---------------------------+-------+-------++-------
  Melee: Unarmed           |     6 |       ||     6
         Whip              |    25 |       ||    25
         Headbutt          |     7 |     4 ||    11
         Flail             |    21 |    20 ||    41
   Cast: Shock             |    30 |     7 ||    37
         Static Discharge  |     4 |     3 ||     7
  Evoke: Wand              |       |     2 ||     2
    Use: Scroll            |     5 |       ||     5
         Potion            |       |     2 ||     2
   Stab: Sleeping          |       |     1 ||     1
 Armour: Robe              |    57 |    29 ||    86
  Dodge: Dodged            |    24 |     9 ||    33

Table legend: (Time is in decaauts)
 A = Elapsed time spent in this place.
 B = Non-inter-level travel time spent in this place.
 C = Inter-level travel time spent in this place.
 D = Time resting spent in this place.
 E = Time spent auto-exploring this place.
 F = Levels seen in this place.
 G = Mean time per level.
                   A        B        C        D        E       F      G
               +--------+--------+--------+--------+--------+-----+--------+
         Total |   1936 |   1829 |    107 |    131 |   1308 |   3 |  645.3 |
       Dungeon |   1936 |   1829 |    107 |    131 |   1308 |   3 |  645.3 |
               +--------+--------+--------+--------+--------+-----+--------+

Top non-repeatable levels by time:
     D:2: 991 daAuts
     D:1: 570 daAuts
     D:3: 374 daAuts
